 Dungeon Crawl Stone Soup version 0.29.1-13-g9f3cf754e1 (webtiles) character file.

Game seed: 4576066875658716070

185 hbarley the Chopper (level 5, -1/47 HPs)
             Began as a Hill Orc Fighter on Feb 1, 2023.
             Was a Follower of Uskayaw.
             Succumbed to a water moccasin's poison
             ... on level 4 of the Dungeon.
             The game lasted 00:06:23 (3631 turns).

hbarley the Chopper (Hill Orc Fighter)              Turns: 3631, Time: 00:06:24

Health: -1/47      AC:  9    Str: 19    XL:     5   Next: 64%
Magic:  5/5        EV: 10    Int:  8    God:    Uskayaw [*.....]
Gold:   163        SH:  5    Dex: 12    Spells: 4/4 levels left

rFire   . . .      SeeInvis .   a - +0 war axe
rCold   . . .      Faith    .   c - +0 buckler
rNeg    + . .      Spirit   .   m - +2 ring mail {rN+}
rPois   .          Reflect  .   (no helmet)
rElec   .          Harm     .   p - +0 cloak
rCorr   .          Rampage  .   (no gloves)
Will    .....                   (no boots)
Stlth   +.........              (no amulet)
HPRegen 0.15/turn               (no ring)
MPRegen 0.09/turn               (no ring)

@: lethally poisoned (-1 -> -20)
A: no striking features
a: Renounce Religion, Stomp


You were on level 4 of the Dungeon.
You worshipped Uskayaw.
Uskayaw was noncommittal.
You visited 2 branches of the dungeon, and saw 5 of its levels.

You collected 163 gold pieces.

Inventory:

Hand Weapons
 a - a +0 war axe (weapon)
Armour
 b - a +0 scale mail
 c - a +0 buckler (worn)
 m - a +2 ring mail of positive energy (worn)
 p - a +0 cloak (worn)
Scrolls
 e - 8 scrolls of identify
 f - a scroll of immolation {unknown}
 h - a scroll of enchant armour {unknown}
 o - a scroll of blinking {unknown}
 q - a scroll of enchant weapon {unknown}
Potions
 d - a potion of might
 g - a potion of heal wounds
 i - a potion of curing {unknown}
 j - 3 potions of magic {unknown}
 k - 2 potions of degeneration {unknown}
 l - a potion of invisibility {unknown}
 n - 2 potions of berserk rage {unknown}
 r - a potion of flight {unknown}
 s - a potion of attraction {unknown}


   Skills:
 + Level 4.5 Fighting
 + Level 5.1 Axes
 + Level 4.2 Armour
 + Level 1.0 Dodging
 + Level 0.3 Stealth
 + Level 3.8 Shields


You had 4 spell levels left.
You didn't know any spells.
Your spell library contained the following spells:

 Spells                   Type           Power      Damage    Failure   Level
 Frozen Ramparts          Ice            0%         1d1       96%         3
 Inner Flame              Hex/Fire       0%         N/A       96%         3
 Stone Arrow              Conj/Erth      0%         3d7       96%         3
 Animate Armour           Summ/Erth      0%         N/A       100%        4
 Cause Fear               Hex            0%         N/A       100%        4
 Ice Form                 Ice/Tmut       0%         N/A       100%        4
 Summon Ice Beast         Ice/Summ       0%         N/A       100%        4
 Discord                  Hex            0%         N/A       100%        8
 Lehudib's Crystal Spear  Conj/Erth      0%         10d2      100%        8


Dungeon Overview and Level Annotations

Branches:
Dungeon (4/15)             Temple (1/1) D:4

Altars:
Ashenzari
Cheibriados
Elyvilon
Fedhas
Gozag
Kikubaaqudgha
Makhleb
Okawaru
Qazlal
Ru
Trog
Uskayaw
Vehumet
Wu Jian
Xom
Yredelemnul
Zin

Annotations:
Temple 2 transporters


Message History

You block the water moccasin's attack.
You miss the water moccasin. The water moccasin bites you.
The water moccasin bites you!
You are poisoned.
The water moccasin poisons you!
You barely miss the water moccasin.
You feel very sick. The water moccasin closely misses you.
The water moccasin misses you.
You hit the water moccasin but do no damage.
You feel very sick. You block the water moccasin's attack.
The water moccasin bites you but does no damage.
You closely miss the water moccasin.
You feel sick.
The water moccasin bites you but does no damage.
You barely miss the water moccasin.
You feel sick. The water moccasin bites you.
* * * LOW HITPOINT WARNING * * *
You are lethally poisoned!
The water moccasin poisons you! The water moccasin bites you.
* * * LOW HITPOINT WARNING * * *
You are more poisoned.
The water moccasin poisons you!
You feel much better.
You feel very sick. The water moccasin bites you.
You are lethally poisoned!
The water moccasin poisons you! The water moccasin barely misses you.
You closely miss the water moccasin.
You feel extremely sick. You block the water moccasin's attack.
You slash the water moccasin!
The water moccasin is moderately wounded.
* * * LOW HITPOINT WARNING * * *
You feel extremely sick. The water moccasin bites you.
* * * LOW HITPOINT WARNING * * *
The water moccasin completely misses you.
You closely miss the water moccasin.
The water moccasin is moderately wounded.
You die...

#.#
#.....)...##≈≈≈≈§≈≈§§
#.#
#......##.###########
#.# #.....###.# #.
#.# #........>#
#######. #.#
##........# #.......
#[#
###..###.####.#####.
#.# #..# #.......##
#. #.# ##S.#
####.....###. #.#
#>@.# #..........
#.#### #..##
#......###. #....#
#..# #.....## #.
####.#
#..######..#.### #.
#.#
#..............###.
#.#
##[######..#....##.
#.#
#.........[.......
#.#
############...###
#.# ##.##


You could see a water moccasin.

Vanquished Creatures
  A necrophage (D:4)
  5 adders
  An ufetubus (D:4)
  3 worms
  A dart slug (D:1)
  3 orcs
  8 ball pythons
  6 bats
  6 endoplasms
  4 giant cockroaches
  5 goblins
  4 hobgoblins
  5 quokkas
  3 frilled lizards
  3 kobolds
  3 rats
61 creatures vanquished.

Notes
Turn   | Place    | Note
-------+----------+-------------------------------------------
     0 | D:1      | hbarley the Hill Orc Fighter began the quest for the Orb.
     0 | D:1      | Reached XP level 1. HP: 19/19 MP: 1/1
    64 | D:1      | Found a faded altar of an unknown god.
   236 | D:1      | Reached XP level 2. HP: 27/27 MP: 2/2
   391 | D:1      | Reached skill level 3 in Axes
  1390 | D:2      | Reached XP level 3. HP: 33/33 MP: 3/3
  1735 | D:2      | Reached XP level 4. HP: 40/40 MP: 4/4
  2041 | D:3      | Reached skill level 4 in Axes
  2096 | D:3      | Found a snail-covered altar of Cheibriados.
  3026 | D:4      | Found an opulent altar of Gozag.
  3167 | D:4      | Reached XP level 5. HP: 44/47 MP: 5/5
  3223 | D:4      | Found a staircase to the Ecumenical Temple.
  3232 | Temple   | Entered the Ecumenical Temple
  3232 | Temple   | Found a transporter.
  3232 | Temple   | Found a transporter.
  3234 | Temple   | Found a transporter.
  3234 | Temple   | Found a transporter.
  3251 | Temple   | Became a worshipper of Uskayaw the Reveller
  3314 | D:4      | Reached * piety under Uskayaw
  3350 | D:4      | Reached ** piety under Uskayaw
  3476 | D:4      | Reached skill level 5 in Axes
  3476 | D:4      | Reached skill level 1 in Dodging
  3619 | D:4      | Noticed a water moccasin
  3631 | D:4      | Succumbed to a water moccasin's poison

Illustrated notes

Levels and vault maps discovered:
D:1:      dpeg_arrival_boxorama, layout_basic,
          dreamdust_ecumenical_altar_statues, item_on_display_a
D:2:      layout_basic
D:3:      layout_loops_ring, slow_altar_1, minmay_misc_feat_columns
D:4:      layout_loops_ring, nicolae_gozag_seed_capital,
          minmay_temple_entry_poolview
Temple:   hellmonk_temple_divided_pantheon

Skill      XL: |  1  2  3  4  5 |
---------------+----------------+-----
Axes           | 3 4 5 |  5.1
Fighting       | 4 |  4.5
Armour         | 4 |  4.2
Dodging        | 1 |  1.0
Stealth        | |  0.3
Shields        | |  3.8

Action                   |  1- 3 |  4- 6 || total
-------------------------+-------+-------++-------
Melee: War axe           |    77 |   107 ||   184
  Use: Scroll            |       |     1 ||     1
       Potion            |       |     1 ||     1
Armor: Scale mail        |    42 |       ||    42
       Ring mail         |     3 |    45 ||    48
Dodge: Dodged            |    30 |    58 ||    88
Block: Buckler           |    21 |    24 ||    45
